 Dungeon Crawl Stone Soup version 0.22.1-1-ga44c0e5 (webtiles) character file.

13731 MalarOregon the Carver (level 11, -10/100 HPs)
             Began as a Minotaur Fighter on Sept 21, 2018.
             Was a Priest of Makhleb.
             Mangled by an orc knight
             ... wielding a +0 long sword
              (32 damage)
             ... on level 11 of the Dungeon.
             The game lasted 00:23:01 (12416 turns).

MalarOregon the Carver (Minotaur Fighter)          Turns: 12416, Time: 00:23:02

Health: -10/100    AC: 20    Str: 24    XL:     11   Next: 79%
Magic:  13/13      EV: 10    Int:  5    God:    Makhleb [***...]
Gold:   235        SH: 17    Dex: 13    Spells: 6/10 levels left

rFire    + . .     SeeInvis .   H - +3 long sword (slice)
rCold    + . .     Gourm    .   p - +5 shield {AC+3}
rNeg     + . .     Faith    .   f - +4 chain mail {rN+}
rPois    .         Spirit   .   (helmet restricted)
rElec    .         Reflect  .   J - scarf {rC+ rF+}
rCorr    .         Harm     .   N - +0 pair of gloves
MR       .....                  (no boots)
Stlth    ..........             (no amulet)
HPRegen  0.26/turn              L - +3 ring of dexterity
MPRegen  0.13/turn              r - ring of wizardry

@: no status effects
A: retaliatory headbutt, horns 2
a: Minor Destruction, Lesser Servant of Makhleb, Renounce Religion


You were on level 11 of the Dungeon.
You worshipped Makhleb.
Makhleb was most pleased with you.
You were very hungry.

You visited 2 branches of the dungeon, and saw 12 of its levels.

You collected 609 gold pieces.
You spent 374 gold pieces at shops.

Inventory:

Hand Weapons
 y - a +1 dagger of electrocution
   (You took it off an orc wizard on level 5 of the Dungeon)
 H - a +3 long sword of slicing (weapon)
   (You took it off an orc warrior on level 9 of the Dungeon)
Missiles
 w - 2 throwing nets (quivered) {!f}
Armour
 f - a +4 chain mail of positive energy (worn)
   (You took it off an orc warlord on level 11 of the Dungeon)
 i - a scarf of cloud immunity
   (You found it on level 1 of the Dungeon)
 p - a +5 shield of protection (worn)
   (You bought it in a shop on level 4 of the Dungeon)
 J - a scarf of resistance (worn)
   (You found it on level 10 of the Dungeon)
 N - a +0 pair of gloves (worn)
   (You found it on level 2 of the Dungeon)
Magical Staves
 F - an uncursed staff of wizardry {!a}
   (You found it on level 5 of the Dungeon)
Jewellery
 l - an uncursed ring of protection from magic
   (You found it on level 10 of the Dungeon)
 r - a ring of wizardry (right hand)
   (You found it on level 4 of the Dungeon)
 G - an uncursed ring of positive energy {unknown}
   (You found it on level 11 of the Dungeon)
 L - a +3 ring of dexterity (left hand)
   (You found it on level 10 of the Dungeon)
 O - an uncursed ring of ice
   (You found it on level 10 of the Dungeon)
 Q - a +2 ring of strength
   (You found it on level 10 of the Dungeon)
Wands
 c - a wand of disintegration (16)
   (You found it on level 11 of the Dungeon)
 d - a wand of iceblast (9)
   (You found it on level 11 of the Dungeon)
 t - a wand of flame (52)
   (You took it off a kobold on level 3 of the Dungeon)
 u - a wand of paralysis (8)
   (You found it on level 4 of the Dungeon)
 v - a wand of digging (14)
   (You took it off Duvessa on level 7 of the Dungeon)
 x - a wand of acid (8)
   (You found it on level 10 of the Dungeon)
 B - a wand of enslavement (9)
   (You found it on level 5 of the Dungeon)
 C - a wand of scattershot (3)
   (You found it on level 5 of the Dungeon)
Scrolls
 g - 2 scrolls of magic mapping
 k - 3 scrolls of teleportation {@r4}
 n - 9 scrolls of identify {@r1}
 D - a scroll of fear {unknown}
 M - 2 scrolls of fog {unknown}
 P - 4 scrolls of remove curse {@r2}
Potions
 a - a potion of heal wounds {unknown}
 h - a potion of lignification {unknown}
 j - a potion of mutation {!q}
 m - 2 potions of might
 o - 2 potions of flight {unknown}
 q - 4 potions of haste {@q3}
 s - a potion of magic
 z - 6 potions of curing {unknown}
 A - a potion of brilliance
 E - 2 potions of berserk rage {unknown}
 I - 2 potions of agility {unknown}
Miscellaneous
 K - a phantom mirror
Comestibles
 e - 18 rations {!d}


   Skills:
 + Level 10.3 Fighting
 * Level 13.4 Long Blades
 + Level 10.3 Armour
 + Level 4.8 Dodging
 + Level 10.3 Shields
 + Level 4.4 Invocations


You had 6 spell levels left.
You knew the following spells:

 Your Spells              Type           Power        Failure   Level  Hunger
a - Petrify               Tmut/Erth      #.......     100%        4    #####..

Your spell library contained the following spells:

 Spells                   Type           Power        Failure   Level  Hunger
 Confusing Touch          Hex            #.....       87%         1    ##.....
 Corona                   Hex            #......      87%         1    ##.....
 Sting                    Conj/Pois      #...         87%         1    ##.....
 Ensorcelled Hibernation  Hex/Ice        #.....       95%         2    ###....
 Poisonous Vapours        Pois/Air       #.....       95%         2    ###....
 Slow                     Hex            #.......     95%         2    ###....
 Confuse                  Hex            #.......     99%         3    ####...
 Dazzling Spray           Conj/Hex       #.....       99%         3    ####...
 Gell's Gravitas          Tloc           #.........   99%         3    ####...
 Inner Flame              Hex/Fire       #.......     99%         3    ####...
 Mephitic Cloud           Conj/Pois/Air  #.......     99%         3    ####...
 Portal Projectile        Hex/Tloc       #.....       99%         3    ####...
 Tukima's Dance           Hex            #.......     99%         3    ####...
 Cause Fear               Hex            #.........   100%        4    #####..
 Leda's Liquefaction      Hex/Erth       #.........   100%        4    #####..
 Olgreb's Toxic Radiance  Pois           #.......     100%        4    #####..
 Metabolic Englaciation   Hex/Ice        #.........   100%        5    ######.
 Venom Bolt               Conj/Pois      #.........   100%        5    ######.
 Yara's Violent Unravell  Hex/Tmut       #.........   100%        5    ######.


Dungeon Overview and Level Annotations

Branches:
Dungeon (11/15)            Temple (0/1) D:7            Lair (0/6) D:8
    Orc (1/2) D:11

Altars:
Ashenzari
Cheibriados
Dithmenos
Elyvilon
Fedhas
Makhleb
Nemelex Xobeh
Okawaru
Trog
Uskayaw
Wu Jian
Xom
Yredelemnul

Shops:
D:4 :[   D:7 *


Innate Abilities, Weirdness & Mutations

You reflexively headbutt those who attack you in melee.
You have a pair of horns on your head.


Message History

The orc knight hits you with a long sword!
You hear a shout!
You hit the orc knight but do no damage.
You block the warg's attack.
You hit the orc knight but do no damage.
The orc closely misses you.
The orc priest calls down the wrath of Beogh upon you.
Beogh smites you!
* * * LOW HITPOINT WARNING * * *
You block the orc knight's attack. The warg bites you.
* * * LOW HITPOINT WARNING * * *
You block the orc knight's attack. The warg barely misses you.
You riposte.
You slash the warg! You block the orc's attack.
The orc knight hits you with a long sword.
* * * LOW HITPOINT WARNING * * *
You climb upwards.
Welcome back to the Dungeon!
There is a staircase to the Orcish Mines, spattered with blood here.
Unknown command.
Unknown command.
You barely miss the orc knight. You block the warg's attack.
Unknown command.
You slash the warg! Your headbutt misses the warg. You block the warg's attack.
The orc knight hits you with a long sword!!
* * * LOW HITPOINT WARNING * * *
Your shield prevents you from hitting the warg.
The warg bites you but does no damage.
Unknown command.
You hit the orc knight but do no damage.
Unknown command.
You slash the orc knight! Your headbutt misses the orc knight.
The warg misses you.
Unknown command.
You closely miss the warg. You block the warg's attack.
You block the orc knight's attack.
Unknown command.
You barely miss the orc knight. You headbutt the orc knight.
The warg barely misses you. You furiously retaliate!
You headbutt the warg, but do no damage.
Unknown command.
You hit the orc knight but do no damage.
You block the orc knight's attack. You block the warg's attack.
Unknown command.
You hit the orc knight but do no damage.
You block the warg's attack. You block the orc knight's attack.
You slash the orc knight! You headbutt the orc knight!
You block the warg's attack.
You hit the orc knight but do no damage.
Your headbutt misses the orc knight. You block the warg's attack.
The orc knight hits you with a long sword!!
You die...

#..####..#.. ##.##
##.... ##..# ###.. #..##
#.. #.## #[. ##.# ###
#..# ####4## #@#..#
#####oho## ##...#().##
## ##...))(...## ###.
#...........# ###...
#...........## ##...##
#............#####......
##.........#........####
##...#...########..###


You could see an orc knight, a warg and an orc.

Vanquished Creatures
  2 two-headed ogres
  An unseen horror (D:10)
  An orc knight (Orc:1)
  A necromancer (D:11)
  An ugly thing (D:11)
  2 orc sorcerers (Orc:1)
  A manticore (D:11)
  A gargoyle (D:10)
  A komodo dragon (D:8)
  A troll (D:8)
  3 hippogriffs
  2 wyverns (D:10)
  A hungry ghost (D:8)
  Edmund (D:4)
  2 vampire mosquitoes (D:11)
  2 wargs (Orc:1)
  Menkaure (D:4)
  Duvessa (D:7)
  2 black bears
  An eye of draining (D:10)
  7 orc warriors
  4 ice beasts
  A phantom (D:10)
  7 ogres
  3 centaurs
  A big kobold (D:11)
  Blork the orc (D:4)
  5 bullfrogs
  A gnoll sergeant (D:9)
  Dowan (D:7)
  A wyvern zombie (D:6)
  5 scorpions
  6 wights
  3 howler monkeys
  A centaur zombie (D:8)
  6 crimson imps
  7 hounds
  2 quasits (D:9)
  2 bullfrog skeletons (D:4)
  2 centaur skeletons
  4 jellies
  20 orc priests
  14 orc wizards
  An iguana (D:9)
  Terence (D:3)
  9 worker ants
  3 polar bear simulacra (D:11)
  A yak simulacrum (D:11)
  3 wolf simulacra (D:11)
  A hound skeleton (D:5)
  15 gnolls
  A howler monkey skeleton (D:9)
  2 adders
  2 shadow imps
  An ooze (D:2)
  3 adder skeletons
  3 worms
  3 dart slugs
  6 leopard geckos
  67 orcs
  3 ball pythons
  5 giant cockroaches
  9 goblins
  6 hobgoblins
  3 jackals (D:7)
  17 kobolds
  7 quokkas
  A bat (D:1)
  6 frilled lizards
  2 quokka skeletons
  11 rats
  4 river rat simulacra (D:11)
328 creatures vanquished.

Vanquished Creatures (collateral kills)
  An orc warlord (D:11)
1 creature vanquished.

Vanquished Creatures (others)
  An unseen horror (D:11)
  A plant (D:8)
  5 toadstools (D:1)
7 creatures vanquished.

Grand Total: 336 creatures vanquished

Notes
Turn   | Place    | Note
-------+----------+-------------------------------------------
     0 | D:1      | MalarOregon the Minotaur Fighter began the quest for the
                  | Orb.
     0 | D:1      | Reached XP level 1. HP: 19/19 MP: 0/0
   217 | D:1      | Reached XP level 2. HP: 27/27 MP: 1/1
   506 | D:1      | Reached skill level 3 in Long Blades
   816 | D:2      | Reached XP level 3. HP: 33/33 MP: 2/2
   843 | D:2      | Found a blossoming altar of Fedhas.
   843 | D:2      | Found an ornate altar of the Wu Jian Council.
   845 | D:2      | Found a basalt altar of Yredelemnul.
   849 | D:2      | Found an iron altar of Okawaru.
   849 | D:2      | Found a white marble altar of Elyvilon.
   849 | D:2      | Found a sparkling altar of Nemelex Xobeh.
   849 | D:2      | Found a bloodstained altar of Trog.
   850 | D:2      | Found a shadowy altar of Dithmenos.
   851 | D:2      | Found a hide-covered altar of Uskayaw.
   853 | D:2      | Found a shattered altar of Ashenzari.
  1378 | D:2      | Reached XP level 4. HP: 40/40 MP: 3/3
  1380 | D:2      | Reached skill level 4 in Long Blades
  1614 | D:3      | HP: 2/41 [gnoll (2)]
  1615 | D:3      | Reached XP level 5. HP: 3/47 MP: 4/4
  2095 | D:3      | Noticed Terence
  2106 | D:3      | Killed Terence
  2121 | D:3      | Reached skill level 5 in Long Blades
  2730 | D:4      | Reached XP level 6. HP: 10/55 MP: 5/5
  3065 | D:4      | Reached skill level 5 in Fighting
  3065 | D:4      | Reached skill level 5 in Armour
  3065 | D:4      | Reached skill level 5 in Shields
  3091 | D:4      | Noticed Blork the orc
  3100 | D:4      | Reached skill level 6 in Long Blades
  3104 | D:4      | Killed Blork the orc
  3104 | D:4      | Reached XP level 7. HP: 23/61 MP: 6/6
  3420 | D:4      | Found Mivaaz's Armour Shoppe.
  3424 | D:4      | Bought a +0 shield of protection for 161 gold pieces
  3535 | D:4      | Noticed Menkaure
  3536 | D:4      | Found Xesmill's Book Shop.
  3542 | D:4      | Killed Menkaure
  4018 | D:5      | Entered Level 5 of the Dungeon
  4019 | D:5      | Noticed Edmund
  4046 | D:4      | Killed Edmund
  4046 | D:4      | Reached skill level 7 in Long Blades
  4240 | D:4      | HP: 3/62 [poisoned by an orc]
  4247 | D:4      | HP: 2/62 [poisoned by an orc]
  4254 | D:4      | HP: 1/62 [poisoned by an orc]
  4262 | D:4      | HP: 1/62 [poisoned by an orc]
  4623 | D:5      | Reached XP level 8. HP: 46/70 MP: 7/7
  4896 | D:5      | Reached skill level 8 in Long Blades
  5346 | D:6      | Learned a level 4 spell: Petrify
  5435 | D:6      | Found a shattered altar of Ashenzari.
  5471 | D:6      | Noticed a hippogriff
  5487 | D:6      | Killed a hippogriff
  5487 | D:6      | Reached skill level 9 in Long Blades
  5498 | D:6      | Reached XP level 9. HP: 18/79 MP: 8/8
  6154 | D:6      | Found a burning altar of Makhleb.
  6154 | D:6      | Found a snail-covered altar of Cheibriados.
  6559 | D:7      | Found Urima's General Store.
  6678 | D:7      | Found a staircase to the Ecumenical Temple.
  6792 | D:7      | Reached skill level 10 in Long Blades
  6823 | D:7      | Noticed Duvessa
  6824 | D:7      | Noticed Dowan
  6835 | D:7      | Killed Duvessa
  6846 | D:7      | Killed Dowan
  6933 | D:7      | Bought a scroll of remove curse for 36 gold pieces
  7675 | D:8      | Noticed a two-headed ogre
  7682 | D:8      | Killed a two-headed ogre
  7682 | D:8      | Reached skill level 11 in Long Blades
  7682 | D:8      | Reached XP level 10. HP: 88/90 MP: 9/9
  7830 | D:6      | Became a worshipper of Makhleb the Destroyer
  8155 | D:8      | Found a shimmering altar of Xom.
  8326 | D:8      | Found a staircase to the Lair.
  8349 | D:8      | Reached skill level 1 in Dodging
  8628 | D:9      | Reached skill level 1 in Invocations
  8636 | D:9      | Got a steaming robe
  8780 | D:9      | Reached * piety under Makhleb
  9178 | D:10     | Entered Level 10 of the Dungeon
  9247 | D:10     | Noticed a gargoyle
  9253 | D:10     | Killed a gargoyle
  9376 | D:10     | Reached skill level 12 in Long Blades
  9872 | D:10     | You fall through a shaft!
  9911 | D:10     | Killed an unseen horror
  9994 | D:10     | Reached ** piety under Makhleb
 10248 | D:11     | Noticed a two-headed ogre
 10256 | D:11     | Killed a two-headed ogre
 10256 | D:11     | Reached XP level 11. HP: 97/97 MP: 12/12
 10304 | D:11     | Killed an unseen horror
 10327 | D:11     | Noticed a necromancer
 10333 | D:11     | Killed a necromancer
 10604 | D:11     | Found a staircase to the Orcish Mines.
 10699 | D:11     | Noticed a red ugly thing
 10707 | D:11     | Killed a red ugly thing
 10952 | D:4      | Bought the cursed +0 helmet of the Eight Boll Weevils
                  | {Regen+ Str-4 Int+2 Dex+4} for 177 gold pieces
 11175 | Orc:1    | Entered Level 1 of the Orcish Mines
 11175 | Orc:1    | Noticed an orc sorcerer
 11175 | Orc:1    | Noticed an orc sorcerer
 11178 | Orc:1    | Paralysed by an orc sorcerer for 5 turns
 11182 | Orc:1    | Noticed a soul eater
 11187 | Orc:1    | Killed an orc sorcerer
 11187 | Orc:1    | Reached skill level 10 in Fighting
 11187 | Orc:1    | Reached skill level 10 in Armour
 11192 | Orc:1    | Killed an orc sorcerer
 11192 | Orc:1    | Reached skill level 13 in Long Blades
 11192 | Orc:1    | Reached skill level 10 in Shields
 11240 | Orc:1    | Reached *** piety under Makhleb
 11548 | Orc:1    | Noticed an orc knight
 11615 | Orc:1    | Killed an orc knight
 11942 | Orc:1    | Noticed an orc warlord
 11944 | Orc:1    | Noticed an orc knight
 11944 | Orc:1    | Noticed an orc sorcerer
 11944 | Orc:1    | Noticed an orc knight
 12023 | D:11     | Killed an orc warlord
 12397 | Orc:1    | Noticed an orc sorcerer
 12416 | D:11     | Mangled by an orc knight

Skill      XL: |  1  2  3  4  5  6  7  8  9 10 11 |
---------------+----------------------------------+-----
Long Blades    | 3 4 5 6 7 9 11 12 13 | 13.4
Fighting       | 4 5 6 7 8 9 10 | 10.3
Armour         | 4 5 6 7 8 9 10 | 10.3
Shields        | 4 5 6 7 8 9 10 | 10.3
Dodging        | 3 4 |  4.8
Invocations    | 3 4 |  4.4

Action                   |  1- 3 |  4- 6 |  7- 9 | 10-12 || total
-------------------------+-------+-------+-------+-------++-------
Melee: Long sword        |    92 |   147 |   225 |   458 ||   922
       Headbutt          |    14 |    28 |   113 |   107 ||   262
       Staff             |       |       |   251 |       ||   251
Throw: Tomahawk          |       |     2 |     3 |       ||     5
Invok: Lesser Servant of |       |       |       |     7 ||     7
       Minor Destruction |       |       |       |     1 ||     1
  Use: Scroll            |       |       |    16 |     5 ||    21
       Potion            |       |       |     1 |       ||     1
  Eat: Chunk             |     2 |     5 |    18 |    14 ||    39
Armor: Scale mail        |    44 |    48 |   188 |   159 ||   439
       Chain mail        |       |       |       |     1 ||     1
Dodge: Dodged            |    23 |    37 |   170 |   130 ||   360
Block: Shield            |    57 |    71 |   368 |   372 ||   868
       Rpst.: Long sword |     5 |     7 |    28 |    25 ||    65
